 Dungeon Crawl Stone Soup version 0.22-a0-348-gd16d139 (webtiles) character file.

1948 grizmgrazm2 the Caller (level 8, 0/57 HPs)
             Began as a Mummy Ice Elementalist on Apr 8, 2018.
             Was an Initiate of Vehumet.
             Slain by a hippogriff (3 damage)
             ... on level 6 of the Dungeon.
             The game lasted 00:34:28 (9525 turns).

grizmgrazm2 the Caller (Mummy Ice Elementalist)     Turns: 9525, Time: 00:34:29

Health: 0/57       AC: 11    Str: 11    XL:     8   Next: 98%
Magic:  6/14       EV: 12    Int: 16    God:    Vehumet [......]
Gold:   30         SH:  0    Dex: 22    Spells: 2/16 levels left

rFire    x . .     SeeInvis .   v - +7 dagger (speed)
rCold    + . .     Gourm    .   (no shield)
rNeg     + + +     Faith    .   g - +1 animal skin
rPois    ∞         Spirit   .   d - +2 helmet
rElec    .         Reflect  .   s - +0 cloak (curse)
rCorr    .         Harm     .   n - +2 pair of gloves
MR       +....                  b - +0 pair of boots
Stlth    ++........             (no amulet)
HPRegen  0.19/turn              e - +6 ring of dexterity
MPRegen  0.14/turn              m - +3 ring of dexterity

@: no status effects
A: no food or potions, fire vulnerability, cold resistance 1, negative energy
resistance 3, torment resistance, unbreathing
a: Renounce Religion


You were on level 6 of the Dungeon.
You worshipped Vehumet.
Vehumet was noncommittal.
You were not hungry.

You visited 2 branches of the dungeon, and saw 8 of its levels.

You collected 212 gold pieces.
You spent 182 gold pieces at shops.

Inventory:

Hand Weapons
 v - a +7 dagger of speed (weapon)
Missiles
 a - 4 tomahawks of returning (quivered)
Armour
 b - a +0 pair of boots (worn)
 c - the +0 leather armour of Higyor {rF- Str+8 SInv Stlth+}
   (You bought it in a shop on level 6 of the Dungeon)

   It affects your strength (+8).
   It makes you vulnerable to fire.
   It lets you see invisible.
   It makes you more stealthy.
 d - a +2 helmet (worn)
 g - a +1 animal skin (worn)
 h - the -3 pair of gloves of the Devil's Team {MR++}
   (You found it on level 5 of the Dungeon)

   It affects your resistance to hostile enchantments.
 n - a +2 pair of gloves (worn)
 r - the +0 leather armour "Pasmur" {rCorr Dex+4}
   (You found it on level 5 of the Dungeon)

   It affects your dexterity (+4).
   It protects you from acid and corrosion.
 s - a cursed +0 cloak (worn)
Jewellery
 e - a +6 ring of dexterity (left hand)
 k - a +3 ring of evasion
 m - a +3 ring of dexterity (right hand)
 t - an uncursed ring of resist corrosion
Wands
 f - a wand of paralysis (12)
 j - a wand of polymorph (14)
 p - a wand of clouds (4)
 q - a wand of flame (26)
Scrolls
 i - a scroll of teleportation
 o - 3 scrolls of remove curse
 u - 3 scrolls of amnesia


   Skills:
 - Level 2.8 Fighting
 - Level 1.5 Dodging
 - Level 1.5 Stealth
 - Level 4.5 Spellcasting
 - Level 2.3 Conjurations
 * Level 6.7 Summonings
 + Level 5.9 Ice Magic


You had 2 spell levels left.
You knew the following spells:

 Your Spells              Type           Power        Failure   Level  Hunger
a - Throw Frost           Conj/Ice       ###...       4%          2    N/A
b - Freeze                Ice            ###.         1%          1    N/A
c - Throw Icicle          Conj/Ice       ###.....     28%         4    N/A
d - Ozocubu's Armour      Chrm/Ice       ##......     14%         3    N/A
e - Summon Ice Beast      Ice/Summ       ###.....     12%         4    N/A

Dungeon Overview and Level Annotations

Branches:
Dungeon (7/15)             Temple (1/1) D:6

Altars:
Ashenzari
Cheibriados
Dithmenos
Elyvilon
Fedhas
Gozag
Hepliaklqana
Kikubaaqudgha
Makhleb
Nemelex Xobeh
Okawaru
Qazlal
Ru
Sif Muna
Trog
Uskayaw
Vehumet
Wu Jian
Xom
Yredelemnul
Zin
The Shining One

Shops:
D:6 [

Annotations:
D:3 Amnesiac's ghost, amateur GnHu


Innate Abilities, Weirdness & Mutations

You do not eat or drink.
Your flesh is vulnerable to fire.
You are immune to poison.
Your flesh is cold resistant. (rC+)
You are immune to negative energy. (rN+++)
You are immune to unholy pain and torment.
You can survive without breathing.


Message History

* * * LOW HITPOINT WARNING * * *
Casting: Freeze (safe; 1% risk of failure)
Confirm with . or Enter, or press ? or * to list all spells.
Aiming: Freeze (safe; 1% risk of failure)
Press: ? - help, Shift-Dir - straight line, f/p - hippogriff
Aim: a hippogriff (almost dead)
You freeze the hippogriff.
The hippogriff is almost dead.
The hippogriff bites you!
* * * LOW HITPOINT WARNING * * *
The hippogriff pecks you!
* * * LOW HITPOINT WARNING * * *
The hippogriff claws you but does no damage.
Evoke which item? (* to show all) (? for menu, Esc to quit)
Aiming: Paralyse
Press: ? - help, Shift-Dir - straight line, f/p - hippogriff
Aim: a hippogriff (almost dead, chance to defeat MR: 41%)
The hippogriff resists with some effort.
The hippogriff bites you.
You die...

##.#####<############....#..####.
.........# ##.#.##..##..
#..####### #....#......
........##############....##....#
#.#####.............##.##..#....#
.##################.##.###.......
.###.## #.##.##..###### ....#.#
#########.#...#.####### .###.##
#....†@H............... .# #.#
#.#########.....####### .# #.#
#..# #............ .# #.# ##.#
#.....####### .# #.# #.# #.....#
# .###.# #.# ###.### # ...#.# #.#
#.# # ##.#.# #.# #.# # #.#.# #.#
#.# ###


You could see a hippogriff.

Vanquished Creatures
  Grinder (D:5)
  A sky beast (D:6)
  An ogre (D:5)
  4 ice beasts
  2 centaurs
  A scorpion (D:6)
  2 howler monkeys (D:6)
  A bullfrog zombie (D:4)
  3 crimson imps
  4 hounds
  3 orc priests
  A bullfrog skeleton (D:6)
  A jelly (D:6)
  An orc wizard (D:6)
  A centaur skeleton (D:4)
  2 iguanas (D:6)
  6 worker ants
  A worker ant zombie (D:6)
  Robin (D:2)
  3 gnolls (D:6)
  5 adders
  A shadow imp (D:6)
  4 oozes
  An adder zombie (D:5)
  2 worms (D:3)
  2 dart slugs
  7 leopard geckos
  14 orcs
  2 ball pythons
  7 giant cockroaches
  9 goblins
  12 hobgoblins
  7 jackals
  4 kobolds
  4 quokkas
  11 bats
  5 frilled lizards
  A jackal skeleton (D:6)
  A quokka zombie (D:3)
  8 rats
147 creatures vanquished.

Vanquished Creatures (others)
  An orc wizard (D:6)
1 creature vanquished.

Grand Total: 148 creatures vanquished

Notes
Turn   | Place    | Note
-------+----------+-------------------------------------------
     0 | D:1      | grizmgrazm2 the Mummy Ice Elementalist began the quest for the Orb.
     0 | D:1      | Reached XP level 1. HP: 13/13 MP: 4/4
   238 | D:1      | Reached XP level 2. HP: 7/20 MP: 0/6
   280 | D:1      | Reached skill level 1 in Fighting
   729 | D:1      | Learned a level 2 spell: Throw Frost
  1041 | D:1      | Reached skill level 1 in Conjurations
  1041 | D:1      | Reached XP level 3. HP: 20/26 MP: 0/7
  1046 | D:1      | Learned a level 3 spell: Ozocubu's Armour
  1932 | D:2      | Noticed Robin
  2018 | D:2      | Killed Robin
  2686 | D:3      | Reached XP level 4. HP: 33/33 MP: 6/9
  2693 | D:3      | Learned a level 4 spell: Throw Icicle
  3124 | D:3      | Noticed Amnesiac's ghost (amateur GnHu)
  3739 | D:4      | Reached XP level 5. HP: 28/38 MP: 2/11
  4582 | D:4      | Reached XP level 6. HP: 25/46 MP: 10/12
  4588 | D:4      | Learned a level 4 spell: Summon Ice Beast
  5050 | D:4      | Reached skill level 1 in Summonings
  5622 | D:3      | Found an iron altar of Okawaru.
  5627 | D:3      | Reached skill level 2 in Summonings
  5957 | D:5      | Entered Level 5 of the Dungeon
  6482 | D:5      | Reached XP level 7. HP: 42/51 MP: 4/13
  6607 | D:5      | Got an encrusted leather armour
  6618 | D:5      | Identified the cursed +0 leather armour "Pasmur" {rCorr Dex+4} (You found it on level 5 of the Dungeon)
  6670 | D:5      | Got a pair of pitted gloves
  6682 | D:5      | Identified the cursed -3 pair of gloves of the Devil's Team {MR++} (You found it on level 5 of the Dungeon)
  6795 | D:5      | Reached skill level 3 in Summonings
  6903 | D:5      | Noticed Grinder
  6906 | D:5      | Paralysed by Grinder for 3 turns
  6932 | D:5      | Killed Grinder
  6932 | D:5      | Reached skill level 4 in Summonings
  7452 | D:5      | Reached XP level 8. HP: 57/57 MP: 7/14
  7982 | D:6      | Reached skill level 5 in Ice Magic
  8026 | D:6      | Reached skill level 5 in Summonings
  8133 | D:6      | Found a staircase to the Ecumenical Temple.
  8277 | Temple   | Entered the Ecumenical Temple
  8414 | Temple   | Became a worshipper of Vehumet
  8771 | D:6      | Reached skill level 6 in Summonings
  9059 | D:6      | Found Ronnojyarr's Antique Armour Shop.
  9063 | D:6      | Bought a brightly glowing leather armour for 182 gold pieces
  9073 | D:6      | Identified the +0 leather armour of Higyor {rF- Str+8 SInv Stlth+} (You bought it in a shop on level 6 of the Dungeon)
  9427 | D:7      | Noticed a hippogriff
  9525 | D:6      | Slain by a hippogriff

Vault maps used:
D:1:      scummos_arrival_simple_fountains
D:2:      uniq_robin
D:3:      okawaru_gym_becter
D:4:      nicolae_ossuary_entry_false_entrances, kennysheep_generic_room_13
D:5:      first_ration, uniq_grinder
D:6:      temple_pool_b, serial_shops, kennysheep_mini_moat,
          minmay_misc_feat_iff
Temple:   compressed_dpeg_circular_temple

Skill      XL: |  1  2  3  4  5  6  7  8 |
---------------+-------------------------+-----
Spellcasting   | 3 4 |  4.5
Fighting       | 1 2 |  2.8
Conjurations   | 1 2 |  2.3
Ice Magic      | 3 4 5 |  5.9
Summonings     | 2 4 6 |  6.7
Dodging        | |  1.5
Stealth        | |  1.5

Action                   |  1- 3 |  4- 6 |  7- 9 || total
-------------------------+-------+-------+-------++-------
Melee: Unarmed           |     4 |       |       ||     4
       Short sword       |     9 |   142 |    47 ||   198
       Dagger            |       |       |    79 ||    79
 Cast: Freeze            |    47 |    62 |    47 ||   156
       Throw Frost       |    31 |    74 |    39 ||   144
Evoke: Wand              |       |       |    10 ||    10
  Use: Scroll            |     3 |     6 |     9 ||    18
 Stab: Sleeping          |       |     6 |     5 ||    11
       Paralysed         |       |       |     7 ||     7
Armor: Robe              |    11 |       |       ||    11
       Animal skin       |     1 |    95 |    21 ||   117
       Leather armour    |       |       |    32 ||    32
Dodge: Dodged            |    47 |   171 |    92 ||   310

Table legend:
 A = Spawn XP
 B = Non-spawn XP
 C = Spawn XP percentage of total XP
 D = Spawn monster count
 E = Non-spawn monster count
 F = Spawn count percentage of total count
 G = Total turns spent on level
                    A         B        C        D         E        F      G
               +---------+---------+-------+---------+---------+-------+---------
         Total |       0 |    2783 |   0.0 |       0 |     148 |   0.0 |  9525
               +---------+---------+-------+---------+---------+-------+---------
           D:1 |       0 |      55 |   0.0 |       0 |      29 |   0.0 |  1718
           D:2 |       0 |      40 |   0.0 |       0 |      15 |   0.0 |  1006
           D:3 |       0 |     154 |   0.0 |       0 |      30 |   0.0 |  1240
           D:4 |       0 |     414 |   0.0 |       0 |      28 |   0.0 |  1993
           D:5 |       0 |     793 |   0.0 |       0 |      15 |   0.0 |  1786
           D:6 |       0 |    1279 |   0.0 |       0 |      30 |   0.0 |  1605
           D:7 |       0 |      48 |   0.0 |       0 |       1 |   0.0 |    22
               +---------+---------+-------+---------+---------+-------+---------
